 Dungeon Crawl Stone Soup version 0.24-a0-584-g9d6b971ae4 (webtiles) character file.

Game seed: 14051120130493374308, levelgen mode: deterministic

120 Peloso the Covered (level 4, 0/40 HPs)
             Began as a Minotaur Fighter on Aug 31, 2019.
             Slain by a slave (3 damage)
             ... led by Pikel
             ... on level 4 of the Dungeon.
             The game lasted 00:02:41 (1209 turns).

Peloso the Covered (Minotaur Fighter)               Turns: 1209, Time: 00:02:41

Health: 0/40       AC:  7    Str: 21    XL:     4   Next: 75%
Magic:  3/3        EV:  8    Int:  5    God:
Gold:   23         SH:  9    Dex: 10    Spells: 3/3 levels left

rFire    . . .     SeeInvis +   a - +0 long sword
rCold    . . .     Gourm    .   c - +0 shield
rNeg     . . .     Faith    .   b - +0 scale mail
rPois    .         Spirit   .   (helmet restricted)
rElec    .         Reflect  .   (no cloak)
rCorr    .         Harm     .   (no gloves)
MR       .....                  (no boots)
Stlth    ..........             (no amulet)
HPRegen  0.13/turn              g - ring of see invisible
MPRegen  0.08/turn              (no ring)

@: no status effects
A: retaliatory headbutt, horns 2, talons 1, thin skeletal structure 1, clumsy 1,
evolution 1
a: no special abilities


You were on level 4 of the Dungeon.
You were very hungry.

You visited 1 branch of the dungeon, and saw 4 of its levels.

You collected 23 gold pieces.

Inventory:

Hand Weapons
 a - a +0 long sword (weapon)
Armour
 b - a +0 scale mail (worn)
 c - a +0 shield (worn)
Jewellery
 g - a ring of see invisible (left hand)
Scrolls
 e - a scroll of magic mapping {unknown}
 h - 3 scrolls of identify {unknown}
 i - a scroll of remove curse {unknown}
 j - a scroll of random uselessness {unknown}
 k - a scroll of enchant weapon {unknown}
 l - a scroll of amnesia {unknown}
Potions
 d - a potion of might
 m - a potion of degeneration {unknown}
Comestibles
 f - 3 rations


   Skills:
 + Level 4.1 Fighting
 + Level 3.9 Long Blades
 + Level 4.7 Armour
 + Level 0.9 Dodging
 + Level 4.3 Shields


You had 3 spell levels left.
You didn't know any spells.
Your spell library was empty.

Dungeon Overview and Level Annotations

Branches:
Dungeon (4/15)
 Temple: D:4-7

Altars:


Innate Abilities, Weirdness & Mutations

You reflexively headbutt those who attack you in melee.
You have a pair of horns on your head.
You have sharp toenails.
You have a somewhat thin skeletal structure. (Dex +2, Stealth)
You are clumsy. (Dex -2)
You evolve.


Message History

You furiously retaliate!
You headbutt the slave. You block the slave's attack.
You closely miss the slave. Your kick misses the slave.
The slave is lightly wounded.
You block the slave's attack. The slave hits you!
* * * LOW HITPOINT WARNING * * *
The slave closely misses you.
You riposte.
You hit the slave but do no damage. Your kick misses the slave.
Your headbutt misses the slave. The slave closely misses you.
You furiously retaliate!
You headbutt the slave!
You riposte.
You slash the slave! You claw the slave. You headbutt the slave.
The slave is severely wounded.
You block the slave's attack.
You hit the slave. Your kick misses the slave.
The slave is severely wounded.
You block the slave's attack. The slave hits you.
* * * LOW HITPOINT WARNING * * *
You block the slave's attack.
You barely miss the slave.
The slave is severely wounded.
The slave hits you.
You die...

....####.......#....#
.... #.......#....#
.... #....<..#....#
.... #.......#....#
...h #.......#....#
.... #.......#....#
.... #.......#....#
....######.p..# .....
#@...# ..... #pp..#
#....# #....# #....#
#....# #....# #....#


You could see 3 slaves.

Vanquished Creatures
  A slave (D:4)
  A howler monkey (D:4)
  2 adders (D:2)
  A worm (D:2)
  3 dart slugs
  A leopard gecko (D:1)
  2 ball pythons (D:1)
  5 giant cockroaches
  5 goblins
  6 hobgoblins
  8 jackals
  5 kobolds
  2 quokkas
  2 frilled lizards
  5 rats
49 creatures vanquished.

Notes
Turn   | Place    | Note
-------+----------+-------------------------------------------
     0 | D:1      | Peloso the Minotaur Fighter began the quest for the Orb.
     0 | D:1      | Reached XP level 1. HP: 19/19 MP: 0/0
   132 | D:1      | Reached XP level 2. HP: 27/27 MP: 1/1
   362 | D:1      | Reached XP level 3. HP: 32/33 MP: 2/2
   723 | D:1      | Gained mutation: Your magical capacity is low. (-10% MP)
                  | [potion of mutation]
   723 | D:1      | Gained mutation: You are clumsy. (Dex -2) [potion of
                  | mutation]
   723 | D:1      | Gained mutation: You have sharp toenails. [potion of
                  | mutation]
   723 | D:1      | Gained mutation: Your flesh is cold resistant. (rC+)
                  | [potion of mutation]
   724 | D:1      | Lost mutation: Your magical capacity is low. (-10% MP)
                  | [potion of mutation]
   724 | D:1      | Lost mutation: You are clumsy. (Dex -2) [potion of
                  | mutation]
   724 | D:1      | Lost mutation: Your flesh is cold resistant. (rC+) [potion
                  | of mutation]
   724 | D:1      | Lost mutation: You have sharp toenails. [potion of
                  | mutation]
   724 | D:1      | Gained mutation: You are clumsy. (Dex -2) [potion of
                  | mutation]
   724 | D:1      | Gained mutation: You evolve. [potion of mutation]
   724 | D:1      | Gained mutation: You have a somewhat thin skeletal
                  | structure. (Dex +2, Stealth) [potion of mutation]
   724 | D:1      | Gained mutation: You have sharp toenails. [potion of
                  | mutation]
  1078 | D:2      | Reached XP level 4. HP: 40/40 MP: 3/3
  1194 | D:4      | Noticed a slave
  1197 | D:4      | Noticed a slave
  1199 | D:4      | Noticed a slave
  1200 | D:4      | Noticed a slave
  1204 | D:4      | Killed a slave
  1209 | D:4      | Slain by a slave

Levels and vault maps discovered:
D:1:      dpeg_arrival_simpleton_b, layout_basic
D:2:      layout_basic, minmay_pentomino_v4
D:3:      layout_loops_ring, uniq_sigmund
D:4:      minmay_chambers_of_twos, layout_gridville, minmay_temple_entry_waves,
          uniq_ijyb, uniq_menkaure, uniq_duvessa, uniq_pikel

Skill      XL: |  1  2  3 |
---------------+----------+-----
Armour         | 4 |  4.7
Shields        | 4 |  4.3
Fighting       | 4 |  4.1
Long Blades    | 3 |  3.9
Dodging        | |  0.9

Action                   |  1- 3 |  4- 6 || total
-------------------------+-------+-------++-------
Melee: Long sword        |    67 |    28 ||    95
       Headbutt          |     7 |     4 ||    11
       Kick              |     2 |     8 ||    10
  Use: Potion            |     2 |       ||     2
Armor: Scale mail        |    29 |    18 ||    47
Dodge: Dodged            |    23 |    17 ||    40
Block: Shield            |    31 |    26 ||    57
       Rpst.: Long sword |     7 |     4 ||    11

Table legend:
 A = Non-vault XP
 B = Vault XP
 C = Vault XP percentage of total XP
 D = Non-vault monster count
 E = Vault monster count
 F = Vault count percentage of total count
                 A         B        C        D         E       F
            +---------+---------+-------+---------+---------+-------
      Total |     172 |       0 |   0.0 |      48 |       0 |   0.0
            +---------+---------+-------+---------+---------+-------
        D:1 |      53 |       0 |   0.0 |      28 |       0 |   0.0
        D:2 |      48 |       0 |   0.0 |      12 |       0 |   0.0
        D:3 |       4 |       0 |   0.0 |       2 |       0 |   0.0
        D:4 |      67 |       0 |   0.0 |       6 |       0 |   0.0
            +---------+---------+-------+---------+---------+-------
